 Dungeon Crawl Stone Soup version 0.19.1-1-g22dce08 (webtiles) character file.

9086 terep12 the Carver (level 11, -9/90 HPs)
             Began as a Gargoyle Berserker on Jan 7, 2017.
             Was a High Priest of Trog.
             Mangled by a very large slime creature (20 damage)
             ... on level 9 of the Dungeon on Jan 10, 2017.
             The game lasted 00:46:23 (8792 turns).

terep12 the Carver (Gargoyle Berserker)             Turns: 8792, Time: 00:46:25

Health: -9/90      AC: 25    Str: 28    XL:     11   Next: 41%
Magic:  3/3        EV:  9    Int:  9    God:    Trog [*****.]
Gold:   459        SH:  2    Dex:  9    Spells: 0 memorised, 10 levels left

rFire  . . .     SeeInvis +     Y - +1 triple sword (antimagic)
rCold  . . .     Gourm    .     i - +0 chain mail {rPois}
rNeg   + . .     Faith    .     (shield currently unavailable)
rPois  ∞         Spirit   .     q - +2 hat
rElec  +         Reflect  +     S - +2 cloak
rCorr  .         Harm     .     j - +0 pair of gloves
MR     ++...                    y - +0 pair of boots
Stlth  ..........               u - +2 amulet of reflection
                                (no ring)
                                c - ring of see invisible

@: berserking, regenerating, very quick
A: negative energy resistance 1, electricity resistance, unbreathing,
petrification resistance, rot immunity, AC +7
a: Berserk, Trog's Hand, Brothers in Arms, Burn Spellbooks, Renounce Religion


You were on level 9 of the Dungeon.
You worshipped Trog.
Trog was extremely pleased with you.
You were very hungry.

You visited 1 branch of the dungeon, and saw 9 of its levels.
You also visited: Sewer, Ossuary and Bailey.

You collected 459 gold pieces.

Inventory:

Hand Weapons
 J - a +0 blowgun
 Y - a +1 antimagic triple sword (weapon)
Armour
 i - a +0 chain mail of poison resistance (worn)
 j - a +0 pair of gloves (worn)
 l - a +0 cloak of invisibility
 q - a +2 hat (worn)
 y - a +0 pair of boots (worn)
 S - a +2 cloak (worn)
Jewellery
 c - a ring of see invisible (left hand)
 u - a +2 amulet of reflection (around neck)
 L - a cursed amulet of inaccuracy {unknown}
Wands
 x - a wand of flame (29/48)
 V - a wand of slowing (15/48)
 X - a wand of disintegration (14/24)
Scrolls
 a - a scroll of acquirement
 b - a scroll of immolation {unknown}
 d - 8 scrolls of identify
 f - 5 scrolls of amnesia {unknown}
 n - a scroll of fear {unknown}
 p - 2 scrolls of enchant armour {unknown}
 v - 2 scrolls of enchant weapon {unknown}
 A - 8 scrolls of teleportation
 B - 4 scrolls of remove curse
 C - 3 scrolls of fog
 M - 2 scrolls of blinking {unknown}
 N - a scroll of recharging {unknown}
 O - 2 scrolls of magic mapping
 U - a scroll of noise {unknown}
 W - a scroll of silence {unknown}
Potions
 g - 7 potions of might
 h - 2 potions of beneficial mutation {unknown}
 k - 2 potions of agility {unknown}
 m - a potion of resistance
 r - 4 potions of degeneration
 t - 2 potions of haste
 w - 6 potions of heal wounds
 z - 5 potions of curing
 D - 4 potions of brilliance {unknown}
 E - a potion of cure mutation {unknown}
 H - 2 potions of magic
 I - 2 potions of cancellation {unknown}
 P - 3 potions of lignification {unknown}
 R - 3 potions of flight
Comestibles
 o - 9 fruits
 s - 6 bread rations
 F - 2 royal jellies
 K - 3 beef jerkies


   Skills:
 - Level 3.4 Fighting
 + Level 14.6 Long Blades
 + Level 6.7 Armour
 - Level 1.7 Dodging


You had 10 spell levels left.
You didn't know any spells.

Dungeon Overview and Level Annotations

Branches:
Dungeon (9/15)             Temple (0/1) D:6
   Lair: D:8-11         Orc: D:9-12

Altars:
Ashenzari
Dithmenos
Elyvilon
Fedhas
Kikubaaqudgha
Ru
Zin
The Shining One

Annotations:
D:6 1 runed door


Innate Abilities, Weirdness & Mutations

You are resistant to torment.
Your stone body is resilient. (AC +7)
You are immune to poison.
You resist negative energy. (rN+)
You are resistant to electric shocks. (rElec)
You can survive without breathing.
You are immune to petrification.
You are immune to rotting.


Message History

You slice the very large slime creature!!
The very large slime creature is lightly wounded.
The very large slime creature hits you but does no damage.
You hit the very large slime creature.
The very large slime creature is moderately wounded.
You block the very large slime creature's attack.
Your skin crawls.
You feel resistant to hostile enchantments.
You are feeling hungry.
The very large slime creature hits you!!!
Ouch! That really hurt!
* * * LOW HITPOINT WARNING * * *
A red film seems to cover your vision as you go berserk!
You feel yourself moving faster!
You feel mighty!
You are feeling very hungry.
The very large slime creature hits you but does no damage.
You slash the very large slime creature!
The very large slime creature is moderately wounded.
The very large slime creature hits you!!
You die...

#..# #..#
#.######..#
..........#
#.#######.#
######.#
#......# #
#.###.####.#
#..@J..#
#.###..#
...# ..[..
###.#
....... #..
.J...#. #..
..J.... ...
.....#. ..
.....#


You could see a very large slime creature.

Vanquished Creatures
  2 orc knights (Bailey)
  The ghost of feelmyfire the Archer, a novice CeHu of Okawaru (D:6)
  The ghost of Paps the Sneak, a novice DsAs (D:4)
  Pikel (D:5)
  Joseph (D:8)
  Psyche (D:8)
  2 kobold demonologists (Bailey)
  Grinder (D:3)
  A hornet (D:7)
  A slime creature (D:9)
  Sigmund (D:5)
  Eustachio (D:5)
  Menkaure (D:7)
  A water moccasin (D:6)
  Duvessa (D:4)
  11 orc warriors (Bailey)
  An ice beast (D:8)
  A black bear (D:6)
  3 sky beasts
  2 ogres (D:7)
  3 centaurs
  5 bullfrogs
  A gnoll sergeant (D:7)
  Dowan (D:4)
  3 scorpions
  3 killer bees (D:8)
  A howler monkey (D:6)
  4 electric eels (Bailey)
  3 crimson imps
  A quasit (D:8)
  4 orc priests
  A jelly (D:7)
  6 hounds
  Crazy Yiuf (D:2)
  3 bullfrog skeletons
  8 orc wizards
  2 iguanas
  11 worker ants
  Terence (D:2)
  8 big kobold zombies (Ossuary)
  A hound zombie (D:7)
  A mummy (Ossuary)
  A worker ant zombie (D:7)
  6 gnolls
  14 adders
  6 river rats (Sewer)
  3 shadow imps
  An ooze (Sewer)
  2 adder zombies
  An adder skeleton (D:4)
  A worm (D:4)
  A dart slug (D:1)
  5 leopard geckos
  22 orcs
  3 spectral bats (Ossuary)
  15 giant cockroaches
  12 goblins
  15 hobgoblins
  6 jackals
  6 kobolds
  2 quokkas
  12 ball pythons
  9 bats
  2 bat simulacra (Ossuary)
  6 frilled lizards
  4 gnoll zombies (Ossuary)
  4 goblin zombies (Ossuary)
  4 hobgoblin zombies (Ossuary)
  2 kobold simulacra (Ossuary)
  6 kobold zombies (Ossuary)
  4 orc zombies (Ossuary)
  A quokka skeleton (D:7)
  38 rats
  3 rat simulacra (Ossuary)
  3 spectral goblins (Ossuary)
  2 spectral kobolds (Ossuary)
  3 spectral rats (Ossuary)
  A butterfly (D:6)
333 creatures vanquished.

Vanquished Creatures (others)
  2 orcs (D:5)
  A goblin (Bailey)
3 creatures vanquished.

Grand Total: 336 creatures vanquished

Notes
Turn   | Place    | Note
-------+----------+-------------------------------------------
     0 | D:1      | terep12 the Gargoyle Berserker began the quest for the Orb.
     0 | D:1      | Reached XP level 1. HP: 14/14 MP: 1/1
    72 | D:1      | Reached XP level 2. HP: 18/19 MP: 2/2
   102 | D:1      | Reached skill level 3 in Long Blades
   534 | D:1      | Reached XP level 3. HP: 21/23 MP: 3/3
   553 | D:1      | Reached ** piety under Trog
   983 | D:2      | Noticed Terence
   995 | D:2      | Killed Terence
   995 | D:2      | Reached skill level 4 in Long Blades
   995 | D:2      | Reached XP level 4. HP: 28/28 MP: 4/4
  1365 | D:2      | Found a runed door.
  1369 | D:2      | Noticed Crazy Yiuf
  1377 | D:2      | Killed Crazy Yiuf
  1744 | D:2      | Reached XP level 5. HP: 32/32 MP: 5/5
  1940 | D:3      | Reached skill level 5 in Long Blades
  2044 | D:3      | Found a shattered altar of Ashenzari.
  2044 | D:3      | Found a sacrificial altar of Ru.
  2044 | D:3      | Noticed Grinder
  2062 | D:3      | Killed Grinder
  2062 | D:3      | Reached skill level 6 in Long Blades
  2062 | D:3      | Reached XP level 6. HP: 37/37 MP: 6/6
  2065 | D:3      | Found a blossoming altar of Fedhas.
  2086 | D:3      | Found a white marble altar of Elyvilon.
  2513 | D:4      | Noticed Paps's ghost (novice DsAs)
  2549 | D:4      | Killed Paps's ghost
  2549 | D:4      | Reached skill level 8 in Long Blades
  2549 | D:4      | Reached XP level 7. HP: 37/41 MP: 7/7
  2677 | D:4      | Noticed Duvessa
  2678 | D:4      | Noticed Dowan
  2689 | D:4      | Killed Duvessa
  2689 | D:4      | Reached XP level 8. HP: 46/46 MP: 5/8
  2692 | D:4      | Killed Dowan
  2708 | D:4      | Found an ancient bone altar of Kikubaaqudgha.
  3037 | D:5      | Entered Level 5 of the Dungeon
  3183 | D:5      | Reached skill level 9 in Long Blades
  3208 | D:5      | Reached *** piety under Trog
  3272 | D:5      | Noticed Sigmund
  3291 | D:5      | Killed Sigmund
  3581 | D:5      | Found a glowing drain.
  3591 | Sewer    | Entered a sewer
  3976 | Sewer    | Reached skill level 10 in Long Blades
  4162 | D:5      | Noticed Pikel
  4176 | D:5      | Killed Pikel
  4176 | D:5      | Reached XP level 9. HP: 41/51 MP: 9/9
  4309 | D:5      | Noticed Eustachio
  4376 | D:5      | Killed Eustachio
  4376 | D:5      | Reached skill level 11 in Long Blades
  4384 | D:5      | Found a glowing golden altar of the Shining One.
  4526 | D:5      | Reached **** piety under Trog
  4641 | D:6      | Found a staircase to the Ecumenical Temple.
  4682 | D:6      | Found a shadowy altar of Dithmenos.
  4829 | D:6      | Noticed feelmyfire's ghost (novice CeHu)
  4836 | D:6      | Killed feelmyfire's ghost
  4900 | D:6      | Reached skill level 12 in Long Blades
  5002 | D:6      | Found a runed door.
  5015 | D:6      | Found a runed door.
  5079 | D:6      | Reached XP level 10. HP: 49/56 MP: 10/10
  5712 | D:7      | Found a sand-covered staircase.
  5716 | Ossuary  | Entered an ossuary
  5816 | Ossuary  | Reached ***** piety under Trog
  6098 | Ossuary  | Reached skill level 5 in Armour
  6501 | D:7      | Noticed Menkaure
  6514 | D:7      | Killed Menkaure
  6514 | D:7      | Reached skill level 13 in Long Blades
  6722 | D:8      | Found a glowing silver altar of Zin.
  6871 | D:8      | Received a gift from Trog
  6908 | D:8      | Noticed Psyche
  6918 | D:8      | Killed Psyche
  7188 | D:8      | Noticed Joseph
  7217 | D:8      | Killed Joseph
  7659 | D:9      | Found a flagged portal.
  7670 | Bailey   | Entered a bailey
  7731 | Bailey   | Noticed a kobold demonologist
  7731 | Bailey   | Noticed a kobold demonologist
  7732 | Bailey   | Found an iron altar of Okawaru.
  7752 | Bailey   | Killed a kobold demonologist
  7752 | Bailey   | Reached XP level 11. HP: 60/60 MP: 11/11
  7760 | Bailey   | Reached skill level 14 in Long Blades
  8174 | Bailey   | Noticed an orc knight
  8196 | Bailey   | Killed an orc knight
  8316 | Bailey   | Received a gift from Trog
  8532 | Bailey   | Noticed an orc knight
  8543 | Bailey   | Killed an orc knight
  8792 | D:9      | Mangled by a very large slime creature

Skill      XL: |  1  2  3  4  5  6  7  8  9 10 11 |
---------------+----------------------------------+-----
Long Blades    | 3 4 6 8 10 12 13 14 | 14.6
Armour         | 3 5 6 |  6.7
Fighting       | |  3.4
Dodging        | |  1.7

Action                   |  1- 3 |  4- 6 |  7- 9 | 10-12 || total
-------------------------+-------+-------+-------+-------++-------
Melee: Falchion          |   111 |   157 |   311 |       ||   579
       Long sword        |       |       |   122 |   742 ||   864
       Triple sword      |       |       |       |    53 ||    53
Invok: Berserk           |     1 |     3 |     3 |    13 ||    20
       Trog's Hand       |       |     1 |     4 |     6 ||    11
       Burn Spellbooks   |       |     1 |       |     1 ||     2
  Use: Potion            |       |       |     7 |       ||     7
       Scroll            |       |       |     5 |       ||     5
  Eat: Bread ration      |       |     1 |     1 |       ||     2
       Chunk             |       |     4 |     9 |    24 ||    37
       Fruit             |       |       |     2 |     2 ||     4
Armor: Animal skin       |    47 |       |       |       ||    47
       Chain mail        |       |   101 |   347 |   426 ||   874
Dodge: Dodged            |    83 |    66 |   209 |   234 ||   592
Block: Other             |       |       |    26 |    37 ||    63
       Reflection        |       |       |       |     2 ||     2
       Rpst.: Falchion   |    33 |    17 |    44 |       ||    94
       Long sword        |       |       |    17 |    61 ||    78
       Triple sword      |       |       |       |     7 ||     7
